 Dungeon Crawl Stone Soup version 0.30-a0-808-g6e0788376e (webtiles) character file.

Game seed: 8462590759649995047

11769 themarg the Summoner (level 11, -13/84 HPs)
             Began as a Merfolk Summoner on Feb 25, 2023.
             Was an Initiate of Gozag.
             Mangled by a skeletal warrior
             ... wielding a +0 battleaxe
              (33 damage)
             ... on level 9 of the Dungeon.
             The game lasted 01:09:21 (14415 turns).

themarg the Summoner (Merfolk Summoner)            Turns: 14415, Time: 01:09:22

Health: -13/84     AC:  8    Str:  9    XL:     11   Next: 82%
Magic:  20/20      EV: 17    Int: 18    God:    Gozag
Gold:   758        SH:  0    Dex: 15    Spells: 9/22 levels left

rFire   + . .      SeeInvis .    c - +0 spear
rCold   + . .      Faith    .    (no shield)
rNeg    . . .      Spirit   .    a - +1 robe
rPois   +          Reflect  .    q - +2 helmet
rElec   +          Harm     .    u - +1 cloak
rCorr   +          Rampage  .    (no gloves)
Will    .....                    (no boots)
Stlth   ++                       e - amulet of the acrobat
HPRegen 0.34/turn                p - ring of poison resistance
MPRegen 0.17/turn                (no ring)

@: resistant, gold aura
A: (nimble swimmer 2), mertail
a: Renounce Religion, Potion Petition, Call Merchant, Bribe Branch


You were on level 9 of the Dungeon.
You worshipped Gozag.
Gozag was pleased with you.
You visited 2 branches of the dungeon, and saw 11 of its levels.

You collected 1916 gold pieces.
You spent 48 gold pieces at shops.
You paid 1110 gold pieces to Gozag.

Inventory:

Hand Weapons
 c - a +0 spear (weapon)
Missiles
 g - 107 stones
 s - 2 throwing nets
 v - 5 curare-tipped darts
 w - a boomerang of dispersal
 x - 5 boomerangs
 y - 16 poisoned darts (quivered)
 F - 3 datura-tipped darts
Armour
 a - a +1 robe (worn)
 k - the +3 leather armour "Elaarch" {rPois rC+ Str+4}
   (You found it on level 2 of the Dungeon)

   Str:       It affects your strength (+4).
   rC:        It protects you from cold.
   rPois:     It protects you from poison.
 q - a +2 helmet (worn)
 u - a +1 cloak (worn)
Jewellery
 e - an amulet of the acrobat (around neck)
 p - a ring of poison resistance (left hand)
Wands
 d - a wand of paralysis (3)
 o - a wand of polymorph (11)
 I - a wand of mindburst (10)
 M - a wand of flame (8)
Scrolls
 i - 2 scrolls of blinking
 l - 3 scrolls of magic mapping
 m - a scroll of silence
 r - 3 scrolls of fog
 t - 3 scrolls of teleportation
 z - a scroll of enchant weapon {unknown}
 B - a scroll of vulnerability {unknown}
 C - 2 scrolls of immolation
 E - a scroll of fear {unknown}
 G - a scroll of amnesia {unknown}
 J - 3 scrolls of noise {unknown}
 L - a scroll of poison {unknown}
Potions
 b - a potion of magic
 f - 4 potions of flight
 h - 3 potions of curing
 j - a potion of mutation
 n - 2 potions of haste
 A - 2 potions of might
 D - 3 potions of brilliance
 K - a potion of invisibility


   Skills:
 + Level 7.2 Fighting
 - Level 7.0 Polearms
 - Level 10.0 Dodging
 - Level 3.0 Stealth
 - Level 6.0 Spellcasting
 - Level 2.0 Hexes
 - Level 12.0 Summonings
 - Level 5.0 Air Magic
 - Level 2.0 Evocations


You had 9 spell levels left.
You knew the following spells:

 Your Spells              Type           Power      Damage    Failure   Level
a - Summon Small Mammal   Summ           100%       N/A       1%          1
b - Call Imp              Summ           48%        N/A       1%          2
c - Call Canine Familiar  Summ           48%        N/A       1%          3
d - Summon Guardian Gole  Hex/Summ       30%        N/A       1%          3
e - Summon Lightning Spi  Summ/Air       36%        N/A       3%          4

Your spell library contained the following spells:

 Spells                   Type           Power      Damage    Failure   Level
 Static Discharge         Conj/Air       28%        2-4/arc   6%          2
 Freeze                   Ice            20%        1d4       12%         1
 Portal Projectile        Hex/Tloc       18%        N/A       24%         3
 Frozen Ramparts          Ice            10%        1d2       34%         3
 Hailstorm                Conj/Ice       5%         3d4       34%         3
 Leda's Liquefaction      Hex/Erth       4%         N/A       61%         4


Dungeon Overview and Level Annotations

Branches:
Dungeon (10/15)            Temple (1/1) D:4            Lair (0/5) D:10
    Orc (0/2) D:10

Altars:
Ashenzari
Cheibriados
Dithmenos
Elyvilon
Fedhas
Gozag
Hepliaklqana
Kikubaaqudgha
Makhleb
Nemelex Xobeh
Okawaru
Qazlal
Ru
Sif Muna
Trog
Uskayaw
Vehumet
Wu Jian
Xom
Yredelemnul
Zin
The Shining One

Shops:
D:1 [   D:8 *   D:10 *

Annotations:
D:3 1 runed translucent door, Crazy Yiuf
D:6 2 runed translucent doors, exclusion: 2 doors, jimonade's ghost, novice DjWr
D:10 10 exclusions


Innate Abilities, Weirdness & Mutations

((You are very nimble when in or above water. (Stealth+, EV+, Speed+++)))
Your lower body shifts to a powerful aquatic tail in water.


Message History

Your lightning spire shoots out a bolt of lightning at the skeletal warrior!
The bolt of electricity hits the skeletal warrior!
The skeletal warrior hits your lightning spire with a +0 scimitar of freezing.
Flame seeps out of your guardian golem.
The skeletal warrior hits your lightning spire with a +0 battleaxe!
Your lightning spire is destroyed!
Your lightning spire disappears in a puff of smoke!
The skeletal warrior hits your guardian golem with a +0 battleaxe.
Flame seeps out of your guardian golem. The skeletal warrior misses your wolf.
Your guardian golem disappears in a puff of smoke!
Your guardian golem explodes!
The fiery explosion engulfs the skeletal warrior!!
The fiery explosion engulfs your wolf!!!
Your wolf dies!
Your wolf's corpse disappears in a puff of smoke!
The fiery explosion engulfs the skeletal warrior!!!
The skeletal warrior is destroyed!
Your Fighting skill increases to level 7!
The skeletal warrior attacks as you move away!
The skeletal warrior hits you with a +0 battleaxe!!
* * * LOW HITPOINT WARNING * * *
[a] - 280 gold - resistance and might [b] - 125 gold - heal wounds [c] - 624 gold - haste, resistance and brilliance Purchase which effect?
You feel much better. The skeletal warrior misses you.
A guardian golem appears, shielding your allies.
The skeletal warrior hits you with a +0 battleaxe!!
* * * LOW HITPOINT WARNING * * *
You swap places. [a] - 150 gold - heal wounds [b] - 270 gold - resistance [c] - 420 gold - resistance, curing and magic Purchase which effect?
You no longer have enough gold to fund merchants seeking to open stores in the dungeon.
You feel protected.
You feel better. Magic courses through your body.
The skeletal warrior hits you with a +0 battleaxe!!
You die...
Your body crumbles into a pile of gold.

...##..##........###.#
...##...........§.##.###
..##..............#....#
.>.........).........###
.....#...............###
....<#....##....)......#
.#.....#.####....#....##
.##....####.#.|[###..##
..#...§..##...#.@.#...#
.....##8<..§.###z9....#
...#######..###.......##
....######..###....#...##
.....##.....§§$.........#
###.........☼...#......##
.##..........§§###.....#
###...........>..#....###
.###..................#.##


You could see a skeletal warrior (ally target) and a friendly guardian golem
(summoned).

Vanquished Creatures
  2 yaks
  A wolf (D:10)
  A phantom (D:4)
  A bullfrog (D:9)
  2 wights
  2 killer bees
  A jelly (D:4)
  A hound (D:6)
  An orc priest (D:9)
  2 orc wizards
  4 gnolls (D:5)
  2 adders (D:2)
  A white imp (D:7)
  6 orcs
  2 endoplasms
  A giant cockroach (D:3)
  3 goblins
  A hobgoblin (D:3)
  2 kobolds (D:6)
  2 quokkas
  5 ball pythons
  5 bats
  2 rats (D:1)
50 creatures vanquished.

Vanquished Creatures (collateral kills)
  2 two-headed ogres (D:10)
  Pikel (D:8)
  A cyclops (D:10)
  A komodo dragon (D:10)
  2 trolls (D:10)
  Prince Ribbit (D:8)
  A hornet (D:8)
  Grinder (D:4)
  Sigmund (D:3)
  A wyvern (D:9)
  7 yaks
  2 wraiths (D:10)
  3 steam dragons
  An acid dragon (D:6)
  4 ice beasts
  A sky beast (D:7)
  A centaur (D:5)
  3 phantoms
  3 lemures (D:8)
  A nameless horror (D:6)
  A necrophage (D:7)
  2 kobold brigands
  3 bullfrogs
  A scorpion (D:5)
  15 wights
  5 killer bees
  2 howler monkeys (D:9)
  3 jellies
  5 orc priests
  6 hounds
  Jessica (D:3)
  3 iguanas
  3 orc wizards
  Terence (D:3)
  Natasha (thrice) (D:4)
  Robin (D:3)
  4 gnolls
  7 adders
  2 shadow imps
  6 dart slugs
  22 orcs
  5 ball pythons
  2 bats
  4 endoplasms
  2 giant cockroaches (D:1)
  14 goblins
  6 hobgoblins
  4 jackals (D:5)
  15 kobolds
  4 quokkas
  4 frilled lizards
  3 rats
197 creatures vanquished.

Vanquished Creatures (others)
  A skeletal warrior (D:9)
  A wyvern (D:8)
  6 yaks
  A steam dragon (D:8)
  A water moccasin (D:6)
  A black bear (D:5)
  An orc warrior (D:6)
  An ogre (D:5)
  A wight (D:6)
  3 killer bees
  3 iguanas (D:5)
  36 plants
  2 withered plants (D:3)
58 creatures vanquished.

Grand Total: 305 creatures vanquished

Notes
Turn   | Place    | Note
-------+----------+-------------------------------------------
     0 | D:1      | themarg the Merfolk Summoner began the quest for the Orb.
     0 | D:1      | Reached XP level 1. HP: 13/13 MP: 3/3
   163 | D:1      | Reached XP level 2. HP: 19/19 MP: 1/5
   166 | D:1      | Learned a level 2 spell: Call Imp
   450 | D:1      | Reached XP level 3. HP: 22/24 MP: 3/6
   743 | D:1      | Found Oleeb's Armour Boutique.
  1085 | D:1      | Reached skill level 5 in Summonings
  1387 | D:2      | Reached XP level 4. HP: 30/30 MP: 2/7
  1580 | D:2      | Reached skill level 1 in Hexes
  1590 | D:2      | Noticed a great orb of eyes
  1592 | D:2      | Found a faded altar of an unknown god.
  1689 | D:2      | Noticed an eye of devastation
  1690 | D:2      | Noticed an eye of devastation
  1690 | D:2      | Noticed a shining eye
  1835 | D:2      | Identified the +3 leather armour "Elaarch" {rPois rC+
                  | Str+4}
  2545 | D:3      | Noticed Terence
  2545 | D:3      | Found a basalt altar of Yredelemnul.
  2580 | D:3      | Found a glowing silver altar of Zin.
  2597 | D:3      | Reached XP level 5. HP: 35/35 MP: 5/8
  2647 | D:3      | Noticed Jessica
  2671 | D:3      | Killed Jessica
  2711 | D:3      | Reached skill level 6 in Summonings
  2775 | D:3      | Noticed Robin
  3163 | D:3      | Killed Robin
  3266 | D:3      | Reached XP level 6. HP: 41/41 MP: 7/9
  3407 | D:3      | Killed Terence
  3632 | D:2      | Learned a level 3 spell: Call Canine Familiar
  3636 | D:2      | Learned a level 3 spell: Summon Guardian Golem
  3680 | D:3      | Noticed Sigmund
  3701 | D:3      | Killed Sigmund
  3702 | D:3      | Reached skill level 7 in Summonings
  3873 | D:3      | Found a runed translucent door.
  3874 | D:3      | Noticed Crazy Yiuf
  3945 | D:4      | Found a white marble altar of Elyvilon.
  3945 | D:4      | Found a staircase to the Ecumenical Temple.
  4191 | Temple   | Entered the Ecumenical Temple
  4234 | Temple   | Became a worshipper of Gozag Ym Sagoz the Greedy
  4270 | D:4      | Reached XP level 7. HP: 25/46 MP: 1/11
  4532 | D:4      | Noticed Grinder
  4552 | D:4      | Killed Grinder
  4553 | D:4      | Reached skill level 8 in Summonings
  4606 | D:4      | Noticed Natasha
  4611 | D:4      | Killed Natasha
  4791 | D:4      | Reached skill level 9 in Summonings
  4791 | D:4      | Reached XP level 8. HP: 52/52 MP: 4/12
  4922 | D:4      | Noticed Natasha
  4934 | D:4      | Killed Natasha
  5135 | D:4      | Noticed Natasha
  5147 | D:4      | Killed Natasha
  5356 | D:4      | Reached skill level 1 in Air Magic
  5583 | D:5      | Entered Level 5 of the Dungeon
  5857 | D:5      | Reached skill level 1 in Fighting
  6208 | D:5      | Reached skill level 10 in Summonings
  6344 | D:5      | Reached skill level 5 in Dodging
  6344 | D:5      | Reached XP level 9. HP: 63/63 MP: 8/13
  7114 | D:6      | Reached skill level 5 in Fighting
  7119 | D:6      | Learned a level 4 spell: Summon Lightning Spire
  7298 | D:6      | Found a blossoming altar of Fedhas.
  7357 | D:6      | Found a shimmering blue altar of Sif Muna.
  7462 | D:6      | Got Sif Muna's Precepts of the Brume
  7467 | D:6      | Found a bloodstained altar of Trog.
  7748 | D:6      | Reached skill level 1 in Polearms
  7979 | D:6      | Reached skill level 1 in Evocations
  8328 | D:6      | Found an iron altar of Okawaru.
  8373 | D:6      | Found a shadowy altar of Dithmenos.
  8421 | D:6      | Found a large runed translucent door.
  8422 | D:6      | Found a large runed translucent door.
  8425 | D:6      | Noticed jimonade's ghost (novice DjWr)
  8586 | D:7      | Found a broken altar of Ashenzari.
  9130 | D:7      | Reached XP level 10. HP: 74/74 MP: 10/14
  9219 | D:7      | Reached skill level 5 in Polearms
  9543 | D:8      | Noticed Pikel
  9834 | D:8      | Found Gugit's Fire Supplies.
  9850 | D:8      | Bought a scroll of immolation for 48 gold pieces
 10503 | D:8      | Reached skill level 10 in Dodging
 10818 | D:8      | Killed Pikel
 11068 | D:8      | Found an ornate altar of the Wu Jian Council.
 11207 | D:8      | Noticed Prince Ribbit
 11227 | D:8      | Killed Prince Ribbit
 11621 | D:8      | Found a bloodstained altar of Trog.
 11623 | D:8      | Found an ornate altar of the Wu Jian Council.
 11623 | D:8      | Found an opulent altar of Gozag.
 11625 | D:8      | Found a shimmering altar of Xom.
 11625 | D:8      | Found a burning altar of Makhleb.
 11625 | D:8      | Found a glowing silver altar of Zin.
 11864 | D:9      | Reached skill level 5 in Spellcasting
 11864 | D:9      | Reached skill level 5 in Air Magic
 11864 | D:9      | Reached XP level 11. HP: 79/79 MP: 11/18
 12515 | D:10     | Entered Level 10 of the Dungeon
 12523 | D:10     | Noticed a two-headed ogre
 12530 | D:10     | Killed a two-headed ogre
 12676 | D:10     | Found a staircase to the Lair.
 12779 | D:10     | Reached skill level 11 in Summonings
 13308 | D:10     | Noticed a cyclops
 13313 | D:10     | Killed a cyclops
 13314 | D:10     | Reached skill level 12 in Summonings
 13515 | D:10     | Noticed a two-headed ogre
 13537 | D:10     | Killed a two-headed ogre
 13653 | D:10     | Found a staircase to the Orcish Mines.
 14060 | D:10     | Found Gausoa's Gadget Gallery.
 14110 | D:10     | Noticed a skeletal warrior
 14110 | D:10     | Noticed a skeletal warrior
 14115 | D:10     | Noticed a skeletal warrior
 14117 | D:10     | Noticed a skeletal warrior
 14118 | D:10     | Noticed a skeletal warrior
 14408 | D:9      | Killed a skeletal warrior
 14415 | D:9      | Mangled by a skeletal warrior

Illustrated notes

Levels and vault maps discovered:
D:1:      ebering_hopf_link, layout_basic, serial_shops, shop
D:2:      layout_loops_ring, hellmonk_ecumenical_altar_watching_god,
          serial_bayou_pond_e
D:3:      layout_rooms, yredelemnul_altar_generic,
          mainiacjoe_overflow_cross_hatched, uniq_jessica, uniq_terence,
          uniq_robin, uniq_sigmund, uniq_crazy_yiuf_cottage
D:4:      layout_basic, overflow_temple_1_default, minmay_temple_entry_trees,
          serial_forest, infiniplex_forest_end_double,
          infiniplex_forest_straight_3, infiniplex_forest_straight_4,
          infiniplex_forest_lined_room_, infiniplex_forest_end_3,
          infiniplex_forest_straight_3, st_stairs_14, uniq_grinder, uniq_natasha
D:5:      layout_basic
D:6:      layout_basic, nzn_overflow_gifts_of_might_and_magic,
          okawaru_altar_gauntlet_db, fedhas_altar_fruit_tree, kennysheep_mini,
          ebering_ghost_disaster_area
D:7:      layout_loops_ring, lemuel_round_altar
D:8:      layout_loops_ring, doesnt_xom_only_xom,
          nicolae_wu_jian_immortal_techniques, st_stairs_9,
          nicolae_shop_fire_sale [nicolae_sub_dead_trees],
          minmay_increasing_density, uniq_pikel, uniq_prince_ribbit1
D:9:      layout_cave_pools, serial_bayou_lagoon_a
D:10:     layout_stronghold, erik_lair_island, orc_0_dummy, nicolae_shop_gadgets
Temple:   hellmonk_temple_of_storms

Skill      XL: |  1  2  3  4  5  6  7  8  9 10 11 |
---------------+----------------------------------+-----
Stealth        | 3 |  3.0
Summonings     | 5 6 7 9 10 12 | 12.0
Hexes          | 1 2 |  2.0
Spellcasting   | 3 5 6 |  6.0
Air Magic      | 2 4 5 |  5.0
Dodging        | 5 7 10 | 10.0
Fighting       | 3 5 7 |  7.2
Polearms       | 4 7 |  7.0
Evocations     | 2 |  2.0

Action                     |  1- 3 |  4- 6 |  7- 9 | 10-12 || total
---------------------------+-------+-------+-------+-------++-------
  Melee: Spear             |    47 |   109 |   220 |   162 ||   538
         Punch             |       |     1 |     2 |     3 ||     6
         Tailslap          |       |       |       |     1 ||     1
  Throw: Dart              |       |       |       |     2 ||     2
   Cast: Summon Small Mamm |    28 |    58 |     3 |     1 ||    90
         Call Imp          |    12 |    27 |    20 |     3 ||    62
         Call Canine Famil |       |     7 |    38 |    40 ||    85
         Summon Guardian G |       |     2 |    28 |    15 ||    45
         Summon Lightning  |       |       |    11 |    46 ||    57
 Invoke: Potion Petition   |       |       |       |     3 ||     3
  Evoke: Wand              |       |       |       |     1 ||     1
    Use: Scroll            |       |     2 |     6 |     7 ||    15
         Potion            |       |     2 |       |       ||     2
   Stab: Sleeping          |     2 |       |       |       ||     2
         Distracted        |       |       |     1 |     7 ||     8
 Armour: Robe              |     4 |    18 |    32 |    11 ||    65
  Dodge: Dodged            |    21 |    63 |   103 |    86 ||   273

Table legend: (Time is in decaauts)
 A = Elapsed time spent in this place.
 B = Non-inter-level travel time spent in this place.
 C = Inter-level travel time spent in this place.
 D = Time resting spent in this place.
 E = Time spent auto-exploring this place.
 F = Levels seen in this place.
 G = Mean time per level.
                   A        B        C        D        E       F      G
               +--------+--------+--------+--------+--------+-----+--------+
         Total |  14399 |  13921 |    478 |   2884 |   8236 |  11 | 1309.0 |
       Dungeon |  14350 |  13872 |    478 |   2884 |   8212 |  10 | 1435.0 |
        Temple |     48 |     48 |      0 |      0 |     24 |   1 |   48.0 |
               +--------+--------+--------+--------+--------+-----+--------+

Top non-repeatable levels by time:
     D:8: 2336 daAuts
    D:10: 1649 daAuts
     D:2: 1584 daAuts
     D:6: 1528 daAuts
     D:4: 1467 daAuts
     D:5: 1444 daAuts
     D:1: 1344 daAuts
     D:3: 1212 daAuts
     D:7: 1000 daAuts
     D:9: 782 daAuts
  Temple: 48 daAuts
